Construct Section Command Post
Selects Air and Sea Battlegroup
Construct Platoon Command Post
Selects Commando Section Paradrop
Commando Section Paradrop
Construct Field Infirmary
Commando Section Paradrop
Selects Commando LMG Section Paradrop
Commando LMG Section Paradrop
Selects Centaur Medium Tank
Selects Naval Bombardment
Construct Company Command Post
Selects Anti-tank Rocket Loiter
Commando Section Paradrop
Commando Section Paradrop
Commando LMG Section Paradrop
Commando LMG Section Paradrop